Unix NetHack Version 5.0.0-0 post-release - last build May  4 2026 22:22:43 (774f63e81ad911689b3a0859ea89b322d5daca8d,branch:main).

Game began 2026-05-05 08:12:58, ended 2026-05-05 08:33:22.

01246791210, lawful female dwarven Valkyrie

                                                                   ----------
                                                                ###-...<....|
        -----------         --------------                     ## #|........|
        |...[......#        |............|                   ###   |........|
        |.........|#        |...........(|          ------- ##     ----------
        |......... #        .............-##########.......##
        |......... ##       |............|          |.....|
        |.........  #       ------------|-          |.....|
         ---   -.-  #                 ###           |......
            #####   #                 #             -------
             #      x                 #
        ######      @           #######
       -.-------    e       #####
       |.......|    #########
       |.......|    #     +
       |........#####
       |.......|    #
       ---------

01246791210 the Skirmisher  St:18/03 Dx:13 Co:16 In:14 Wi:9 Ch:7  Lawful
Dlvl:3  $:8  HP:0(34) Pw:6(6) AC:6  Xp:3 T:1443 

Latest messages:
 The grid bug bites!
 You get zapped!
 The grid bug bites!
 You get zapped!
 The grid bug bites!
 You get zapped!
 The grid bug bites!
 You get zapped!
 The grid bug bites!
 You get zapped!
 The grid bug bites!
 You get zapped!
 The grid bug bites!
 You get zapped!
 The grid bug bites!
 You get zapped!
 The grid bug bites!
 You get zapped!
 The grid bug bites!
 You get zapped!
 The grid bug bites!
 You get zapped!
 The grid bug bites!
 You get zapped!
 The grid bug bites!
 You get zapped!
 The grid bug bites!
 You get zapped!
 The grid bug bites!
 You get zapped!
 The grid bug bites!
 You get zapped!
 The grid bug bites!
 You get zapped!
 The grid bug bites!
 You get zapped!
 The grid bug bites!
 You get zapped!
 The grid bug bites!
 You get zapped!
 The grid bug bites!
 You get zapped!
 The grid bug bites!
 You get zapped!
 You die...
 Do you want your possessions identified? [ynq] (y) y
 Do you want to see your attributes? [ynq] (y) n
 Do you want an account of creatures vanquished? [ynaq] (y) n
 Do you want to see your conduct and achievements? [ynq] (y) n
 Do you want to see the dungeon overview? [ynq] (y) n

Inventory:
 Coins    ('$')
  $ - 8 gold pieces
 Weapons  (')')
  f - 16 +0 arrows
  b - a +0 dagger (alternate weapon; not wielded)
  a - a +1 dwarvish spear (weapon in right hand)
  h - 2 +0 orcish daggers
  g - a cursed +0 mace
 Armor    ('[')
  j - an uncursed +1 orcish helm
  i - an uncursed +0 orcish helm
  k - an uncursed +0 orcish helm
  c - an uncursed +3 small shield (being worn)
 Comestibles  ('%')
  q - an uncursed gecko corpse
 Scrolls  ('?')
  l - a cursed scroll of charging
 Tools    ('(')
  m - an uncursed locked large box containing 5 items
  r - an uncursed credit card
  e - a cursed oil lamp
 Gems/Stones  ('*')
  o - an uncursed worthless piece of green glass
 Boulders/Statues  ('`')
  n - an empty uncursed statue of a gecko
  p - an empty uncursed statue of a gecko

Contents of the large box:
  an uncursed scroll of enchant armor
  an uncursed scroll of enchant weapon
  an uncursed potion of extra healing
  a wand of digging (0:7)
  an uncursed jade stone

01246791210 the Valkyrie's attributes:

Background:
 You were a Skirmisher, a level 3 dwarven Valkyrie.
 You were lawful, nominally on a mission for Tyr
 who was opposed by Odin (neutral) and Loki (chaotic).
 You were right-handed.
 You were in the Dungeons of Doom, on level 3.
 You entered the dungeon 1443 turns ago.
 You had 41 experience points, 39 more were needed to attain level 4.

Basics:
 You had 0 out of 34 hit points.
 You had all 6 energy points (spell power).
 Your armor class was 6.
 Your wallet contained 8 zorkmids.
 Autopickup was off.

Final Characteristics:
 Your strength was 18/03 (limit:18/100).
 Your dexterity was 13 (limit:20).
 Your constitution was 16 (limit:20).
 Your intelligence was 14 (limit:16).
 Your wisdom was 9 (limit:16).
 Your charisma was 7 (limit:16).

Final Status:
 You weren't hungry.
 You were unencumbered.
 You were wielding a spear.
 You had basic skill with spear.

Final Attributes:
 You were devoutly aligned.
 You were cold resistant.
 You had infravision.
 You were stealthy.
 You are dead.

Miscellaneous:
 You didn't encounter any bones levels.
 Total elapsed playing time was 18 minutes and 28 seconds.

Major events:
 Turn
    1: 01246791210 the lawful dwarven Valkyrie entered the dungeon
 1361: attained the rank of Skirmisher (level 3)
 1443: killed by a grid bug, while frozen by a floating eye's gaze

You didn't know any spells.

Skills:
 Fighting Skills
   bare handed combat [Unskilled]
   two weapon combat  [Unskilled]
   riding             [Unskilled]
 Weapon Skills
   dagger             [Basic]
   axe                [Unskilled]
   pick-axe           [Unskilled]
   short sword        [Unskilled]
   broadsword         [Unskilled]
   long sword         [Unskilled]
   two-handed sword   [Unskilled]
   saber              [Unskilled]
   hammer             [Unskilled]
   quarterstaff       [Unskilled]
   polearms           [Unskilled]
   spear              [Basic]
   trident            [Unskilled]
   lance              [Unskilled]
   sling              [Unskilled]
 Spellcasting Skills
   attack spells      [Unskilled]
   escape spells      [Unskilled]

Voluntary challenges:
 Character rerolling was not enabled.
 You followed a strict vegan diet.
 You were an atheist.
 You were illiterate.
 You never genocided any monsters.
 You never polymorphed an object.
 You never changed form.
 You used no wishes.
Achievement:
 You attained the rank of Skirmisher.

 The Dungeons of Doom: levels 1 to 3
    Level 1:
       Some fountains, a sink, a grave.
    Level 2:
    Level 3: <- You were here.
       Final resting place for
          you, killed by a grid bug, while frozen by a floating eye's gaze.


Vanquished creatures:
  a yellow mold
  a gecko
  5 jackals
  a fox
  a kobold
  6 goblins
  2 grid bugs
  a lichen
  a kobold zombie
  3 newts
22 creatures vanquished.

No species were genocided or became extinct.

Game over:
                       ----------
                      /          \
                     /    REST    \
                    /      IN      \
                   /     PEACE      \
                  /                  \
                  |   01246791210    |
                  |       8 Au       |
                  | killed by a grid |
                  |       bug        |
                  |                  |
                  |                  |
                  |       2026       |
                 *|     *  *  *      | *
        _________)/\\_//(\/(/\)/\//\/|_)_______

Farvel 01246791210 the Valkyrie...

You died in The Dungeons of Doom on dungeon level 3 with 272 points,
and 8 pieces of gold, after 1443 moves.
You were level 3 with a maximum of 34 hit points when you died.

